 Dungeon Crawl Stone Soup version 0.16-a0-1083-g6a3eec8 (webtiles) character file.

674 Drachen the Covered (level 7, 0/50 HPs)
             Began as a Human Gladiator on Oct 5, 2014.
             Was a Follower of Ru.
             Slain by Prince Ribbit (10 damage)
             ... on level 4 of the Dungeon.
             The game lasted 00:14:37 (2949 turns).

Drachen the Covered (Human Gladiator)               Turns: 2949, Time: 00:14:37

HP   0/50        AC 15     Str 22      XL: 7   Next: 90%
MP   7/7         EV 11     Int  8      God: Ru [*.....]
Gold 114         SH  5     Dex 19      Spells:  0 memorised,  6 levels left

rFire  . . .     SeeInvis .     a - +1 long sword
rCold  . . .     Clarity  .     A - +0 plate armour
rNeg   . . .     rCorr    .     o - +0 buckler
rPois  .         rRot     .     c - +0 helmet
rElec  .         Spirit   .     (no cloak)
SustAb .         Warding  .     (no gloves)
rMut   .         Stasis   .     t - +0 pair of boots
Gourm  .                        (no amulet)
MR     +....                    (no ring)
                                n - ring of protection from magic

@: mighty, agile, lethally poisoned, somewhat resistant to hostile enchantments,
extremely unstealthy
A: mutation resistance 1, regeneration 1, hated by all
a: Renounce Religion


You were on level 4 of the Dungeon.
You worshipped Ru.
Ru was aware of your devotion.
You were not hungry.

You visited 1 branch of the dungeon, and saw 4 of its levels.

You collected 114 gold pieces.

Inventory:

Hand weapons
 a - a +1 long sword (weapon)
Missiles
 d - a throwing net (quivered)
Armour
 b - a +0 leather armour
 c - a +0 helmet (worn)
 k - a +0 plate armour
 o - a +0 buckler (worn)
 t - a +0 pair of boots (worn)
 A - a +0 plate armour (worn)
Magical devices
 j - a wand of random effects (7)
 q - a wand of heal wounds (0)
 r - a wand of slowing (2)
Comestibles
 f - 2 bread rations
 l - 7 fruits
 u - 3 meat rations
Scrolls
 e - 3 scrolls of blinking
 g - a scroll of amnesia
 m - 3 scrolls of identify
 x - a scroll of recharging {unknown}
 y - a scroll of noise {unknown}
Jewellery
 n - a ring of protection from magic (left hand)
 s - an uncursed ring of teleportation
Potions
 h - a potion of mutation
 i - a potion of agility
 v - a potion of invisibility {unknown}
 w - 2 potions of curing {unknown}
 z - a potion of berserk rage {unknown}
Books
 B - a book of Death

   Spells                             Type                      Level
   Corpse Rot                         Necromancy                   2
   Sublimation of Blood               Necromancy                   2
   Agony                              Necromancy                   5
   Dispel Undead                      Necromancy                   5
   Excruciating Wounds                Charms/Necromancy            5
   Bolt of Draining                   Conjuration/Necromancy       5


   Skills:
 - Level 2.0 Fighting
 - Level 3.6 Long Blades
 - Level 2.0 Throwing
 + Level 7.0 Armour
 - Level 3.0 Dodging
 - Level 2.7 Shields


You had 6 spell levels left.
You didn't know any spells.

Dungeon Overview and Level Annotations

Branches:
Dungeon (4/15)
 Temple: D:4-7

Altars:
Cheibriados
Nemelex Xobeh
Qazlal
Ru
Vehumet
Yredelemnul

Annotations:
D:4 Prince Ribbit


Innate Abilities, Weirdness & Mutations

You are hated by all.
You are somewhat resistant to further mutation.
Your natural rate of healing is unusually fast.


Message History

Prince Ribbit is moderately wounded.
You feel sick. Prince Ribbit barely misses you.
Prince Ribbit closely misses you.
You miss Prince Ribbit.
Prince Ribbit is moderately wounded.
You feel sick. You block Prince Ribbit's attack. Prince Ribbit hits you.
* * * LOW HITPOINT WARNING * * *
Drink which item? (? for menu, Esc to quit)
You feel very mighty all of a sudden.
It was a potion of might.
You feel sick.
Prince Ribbit blinks!
You feel sick.
Prince Ribbit lets out a mournful croak.
Prince Ribbit catches a mosquito with his tongue.
Prince Ribbit blinks!
You feel sick. Prince Ribbit hits you.
* * * LOW HITPOINT WARNING * * *
You hit Prince Ribbit.
Prince Ribbit is moderately wounded.
You feel sick. Prince Ribbit hits you!
You die...

...#.#
######)##.#
####.# #....#
... ###.#..# #.#
#......# #.#
#.####.###..#
..# #......#
#..#
.....####.###.##
# #.F...#
######@#.#
#........#
.....####.### #
#.# #.# ..# ###


You could see Prince Ribbit.

Vanquished Creatures
  Edmund (D:4)
  A phantom (D:4)
  A giant frog (D:3)
  Blork the orc (D:4)
  A hound (D:4)
  Crazy Yiuf (D:3)
  A gnoll shaman (D:4)
  2 worker ants (D:4)
  Ijyb (D:2)
  6 gnolls
  4 adders
  A worm (D:4)
  A giant gecko (D:1)
  An ooze (D:2)
  5 orcs (D:3)
  A ball python (D:1)
  4 bats
  5 giant cockroaches
  7 goblins
  8 hobgoblins
  10 jackals
  6 giant newts
  11 kobolds
  2 orc skeletons (D:4)
  5 rats
  A spectral orc (D:3)
88 creatures vanquished.

Notes
Turn   | Place    | Note
--------------------------------------------------------------
     0 | D:1      | Drachen, the Human Gladiator, began the quest for the Orb.
     0 | D:1      | Reached XP level 1. HP: 16/16 MP: 1/1
    95 | D:1      | Reached XP level 2. HP: 13/22 MP: 2/2
   204 | D:1      | Reached skill level 1 in Armour
   244 | D:1      | Reached XP level 3. HP: 17/27 MP: 3/3
   787 | D:2      | Found a sacrificial altar of Ru.
   787 | D:2      | Noticed Ijyb
   801 | D:2      | Killed Ijyb
   801 | D:2      | Reached skill level 1 in Shields
   801 | D:2      | Reached XP level 4. HP: 23/33 MP: 4/4
   807 | D:2      | Became a worshipper of Ru the Awakened
   981 | D:2      | Found a snail-covered altar of Cheibriados.
  1286 | D:3      | Reached XP level 5. HP: 34/38 MP: 5/5
  1310 | D:3      | Noticed a giant frog
  1320 | D:3      | Killed a giant frog
  1429 | D:3      | Found a sparkling altar of Nemelex Xobeh.
  1516 | D:3      | Found a stormy altar of Qazlal.
  1686 | D:3      | Found a basalt altar of Yredelemnul.
  1781 | D:3      | Reached XP level 6. HP: 44/44 MP: 6/6
  1813 | D:3      | Gained mutation: You are hated by all. [Ru sacrifice]
  1813 | D:3      | Acquired Ru's first power
  1902 | D:3      | Noticed Crazy Yiuf
  1915 | D:3      | Killed Crazy Yiuf
  1915 | D:3      | Reached skill level 4 in Armour
  2241 | D:4      | Found a radiant altar of Vehumet.
  2344 | D:4      | Reached skill level 5 in Armour
  2344 | D:4      | Reached XP level 7. HP: 21/50 MP: 7/7
  2671 | D:4      | Noticed Blork the orc
  2683 | D:4      | Killed Blork the orc
  2683 | D:4      | Reached skill level 6 in Armour
  2787 | D:4      | Noticed Edmund
  2809 | D:4      | Killed Edmund
  2809 | D:4      | Reached skill level 7 in Armour
  2931 | D:4      | Noticed Prince Ribbit
  2938 | D:4      | Gained mutation: Your natural rate of healing is unusually fast. [potion of mutation]
  2938 | D:4      | Gained mutation: You are somewhat resistant to further mutation. [potion of mutation]
  2949 | D:4      | Slain by Prince Ribbit

Action                   |  1- 3 |  4- 6 |  7- 9 || total
-------------------------+-------+-------+-------++-------
Melee: Long sword        |   153 |   201 |    89 ||   443
Throw: Throwing net      |       |     3 |     2 ||     5
Invok: Sacrifice Love    |       |     1 |       ||     1
Evoke: Wand              |       |     5 |       ||     5
  Use: Scroll            |       |     5 |       ||     5
       Potion            |       |       |     4 ||     4
 Stab: Held in net/web   |       |     1 |     1 ||     2
  Eat: Chunk             |       |     2 |     1 ||     3
       Bread ration      |       |     1 |       ||     1
